 Dungeon Crawl Stone Soup version 0.29-a0-409-gd843f3a48c (webtiles) character file.

Game seed: 13412833960872427359

3131 Hubjo the Thaumaturge (level 9, -1/54 HPs)
             Began as a Deep Elf Fire Elementalist on May 13, 2022.
             Was a Priest of Ashenzari.
             Slain by Pikel
             ... wielding a +0 whip of electrocution
              (17 damage)
             ... on level 8 of the Dungeon.
             The game lasted 00:19:23 (11226 turns).

Hubjo the Thaumaturge (Deep Elf Fire Elementalist) Turns: 11226, Time: 00:19:24

Health: -1/54      AC:  6    Str:  9    XL:     9   Next: 61%
Magic:  10/32      EV: 13    Int: 31    God:    Ashenzari [***...]
Gold:   1373       SH:  0    Dex: 15    Spells: 15/24 levels left

rFire   . . .      SeeInvis +   j - +1 short sword (elec)
rCold   . . .      Faith    .   (no shield)
rNeg    . . .      Spirit   .   a - +1 robe
rPois   .          Reflect  .   (no helmet)
rElec   .          Harm     .   (no cloak)
rCorr   .          Rampage  .   L - +1 pair of gloves of the Enigmatic Ordeal {Comp, Fort} (curse)
Will    .....      Clarity  +   M - +0 pair of boots of the Eye in the Sky {Range, Comp} (curse)
Stlth   ++++......              f - amulet "Visionary of the Sphere" {Regen+, Evo, Bglg} (curse)
HPRegen 0.98/turn               t - ring "Visionary of Ashenzari" {Int+6, Cun, Comp} (curse)
MPRegen 0.23/turn               s - ring of the Restrained Repose {MP+9, Bglg, Evo} (curse)

@: very slightly contaminated
A: strong 2, wild magic 1
a: Renounce Religion, Shatter the Chains


You were on level 8 of the Dungeon.
You worshipped Ashenzari.
Ashenzari was most pleased with you.
You visited 2 branches of the dungeon, and saw 9 of its levels.
You also visited: Sewer.

You collected 1397 gold pieces.
You donated 24 gold pieces to Zin.

Inventory:

Hand Weapons
 j - a +1 short sword of electrocution (weapon)
 K - a +1 vampiric short sword
Missiles
 D - a throwing net
Armour
 a - a +1 robe (worn)
 L - the cursed +1 pair of gloves of the Enigmatic Ordeal (worn) {Comp, Fort}
   (You found it on level 6 of the Dungeon)

   It has a curse which improves the following skills: Companions: Summonings
   and Necromancy.
   Fortitude: Armour and Shields.
 M - the cursed +0 pair of boots of the Eye in the Sky (worn) {Range, Comp}
   (You found it on level 7 of the Dungeon)

   It has a curse which improves the following skills: Ranged Combat: Slings,
   Bows, Crossbows and Throwing.
   Companions: Summonings and Necromancy.
Jewellery
 e - a ring of poison resistance
 f - the cursed amulet "Visionary of the Sphere" (around neck) {Regen+, Evo, Bglg}
   (You found it on level 1 of the Dungeon)

   [amulet of regeneration]

   Regen:     It increases your rate of health regeneration.
   It has a curse which improves the following skills: Evocations: Evocations.
   Beguiling: Conjurations, Hexes and Translocations.
 s - the cursed ring of the Restrained Repose (right hand) {MP+9, Bglg, Evo}
   (You found it on level 2 of the Dungeon)

   [ring of magical power]

   MP:        It affects your magic capacity (+9).
   It has a curse which improves the following skills: Beguiling: Conjurations,
   Hexes and Translocations.
   Evocations: Evocations.
 t - the cursed ring "Visionary of Ashenzari" (left hand) {Int+6, Cun, Comp}
   (You found it on level 2 of the Dungeon)

   [ring of intelligence]

   Int:       It affects your intelligence (+6).
   It has a curse which improves the following skills: Cunning: Dodging and
   Stealth.
   Companions: Summonings and Necromancy.
 E - a ring of see invisible
Wands
 C - a wand of flame (7)
 G - a wand of polymorph (13)
 H - a wand of charming (9)
 I - a wand of digging (7)
Scrolls
 c - 4 scrolls of teleportation
 d - 5 scrolls of enchant weapon
 g - a scroll of torment
 m - a scroll of summoning
 u - a scroll of enchant armour
 w - 5 scrolls of fog
 x - a scroll of fear
 y - 3 scrolls of amnesia
 z - 7 scrolls of identify
 A - 3 scrolls of immolation
 F - a scroll of blinking
 J - a scroll of silence
Potions
 b - 2 potions of magic
 h - 3 potions of brilliance
 i - a potion of invisibility
 k - 3 potions of might
 l - 2 potions of flight
 n - 2 potions of resistance
 o - 3 potions of curing
 p - a potion of degeneration
 q - 2 potions of heal wounds
 r - 2 potions of lignification
 v - a potion of berserk rage
 B - 3 potions of attraction


   Skills:
 + Level 5.2 Fighting
 * Level 1.1 Short Blades
 - Level 2.4(3.7) Dodging
 + Level 8.0(9.7) Stealth
 + Level 8.3 Spellcasting
 - Level 1.1(2.5) Conjurations
 - Level 6.7(10.0) Summonings
 - Level 6.8 Fire Magic


You had 15 spell levels left.
You knew the following spells:

 Your Spells              Type           Power      Damage    Failure   Level
a - Foxfire               Conj/Fire      100%       2x1d9     1%          1
b - Flame Wave            Conj/Fire      53%        2d11      9%          4
c - Animate Armour        Summ/Erth      100%       N/A       8%          4

Your spell library contained the following spells:

 Spells                   Type           Power      Damage    Failure   Level
 Call Imp                 Summ           77%        N/A       1%          2
 Scorch                   Fire           100%       2d10      1%          2
 Magic Dart               Conj           100%       1d8       2%          1
 Conjure Flame            Conj/Fire      53%        6-21      3%          3
 Inner Flame              Hex/Fire       45%        N/A       4%          3
 Animate Skeleton         Necr           40%        N/A       5%          1
 Pain                     Necr           80%        1d8       5%          1
 Corpse Rot               Necr/Air       36%        N/A       9%          2
 Poisonous Vapours        Pois/Air       32%        N/A       10%         2
 Mephitic Cloud           Conj/Pois/Air  23%        N/A       13%         3
 Vampiric Draining        Necr           20%        2d7       14%         3
 Gell's Gravitas          Tloc           19%        N/A       16%         3
 Lesser Beckoning         Tloc           19%        N/A       16%         3
 Teleport Other           Tloc           19%        N/A       16%         3
 Tukima's Dance           Hex            19%        N/A       16%         3
 Passage of Golubria      Tloc           19%        N/A       43%         4
 Yara's Violent Unravell  Hex/Tmut       8%         3d5       78%         5
 Blade Hands              Tmut           8%         N/A       80%         5
 Iron Shot                Conj/Erth      13%        9d3       99%         6


Dungeon Overview and Level Annotations

Branches:
Dungeon (8/15)             Temple (1/1) D:4           Sewer (visited)
   Lair: D:8-11

Altars:
Ashenzari
Cheibriados
Dithmenos
Elyvilon
Fedhas
Gozag
Hepliaklqana
Kikubaaqudgha
Makhleb
Nemelex Xobeh
Okawaru
Qazlal
Ru
Sif Muna
Trog
Uskayaw
Vehumet
Wu Jian
Xom
Yredelemnul
Zin
The Shining One

Shops:
D:5 [

Annotations:
D:8 Pikel


Innate Abilities, Weirdness & Mutations

Your muscles are very strong. (Str +4)
Your spells are a little harder to cast, but a little more powerful.


Message History

The foxfire hits the lemure.
The lemure is lightly wounded.
Pikel barely misses you. The lemure closely misses you.
Casting: Foxfire (safe; 1% risk of failure)
Confirm with . or Enter, or press ? or * to list all spells.
Casting: Flame Wave (dangerous; 9% risk of failure)
Press: ? - help, Dir - look around, f - activate A wave of flame ripples out!
The flame wave engulfs your foxfire.
Your foxfire completely resists.
The flame wave engulfs your foxfire.
Your foxfire completely resists.
The flame wave engulfs Pikel.
Pikel resists.
Pikel is lightly wounded.
The flame wave engulfs the lemure.
The lemure is heavily wounded. (Press . to intensify the flame waves.)
The foxfire hits Pikel but does no damage.
Pikel is lightly wounded.
The foxfire hits Pikel.
Pikel resists.
Pikel is lightly wounded.
The lemure hits you but does no damage.
Pikel hits you with a +0 whip of electrocution.
A wave of flame ripples out!
The flame wave engulfs Pikel.
Pikel resists.
Pikel is moderately wounded.
The flame wave engulfs the lemure.
The lemure is heavily wounded.
You hear a croak.
The lemure hits you. Pikel closely misses you.
Unknown command.
A wave of flame ripples out!
The flame wave engulfs Pikel.
Pikel resists.
Pikel is moderately wounded.
The flame wave engulfs the lemure!
The lemure is severely wounded.
You finish channelling waves of flame.
The lemure hits you! Pikel hits you but does no damage. The lemure hits you.
Pikel hits you with a +0 whip of electrocution.
* * * LOW HITPOINT WARNING * * *
You are electrocuted!
You die...

#...............
,,#....
#...............
,#....
#......ยง........
,#....
##...###..##..##,
*#####
#######..##..## *
, #.......... , ,
#.......... ,,
#.......... ,, ,
#.@..######
##K5.# , ***
#...# , , , ,
...... , ,
*......., , * ,
#....####* ,
#....# , #.....,
,,, , , ,


You could see Pikel and a lemure.

Vanquished Creatures
  A two-headed ogre (D:5)
  Grinder (D:3)
  A wraith (D:7)
  A wyvern (D:8)
  A steam dragon (D:7)
  Edmund (D:4)
  An ice beast (D:7)
  An orc warrior (D:6)
  4 ogres
  A centaur (D:6)
  A phantom (D:7)
  3 lemures (D:8)
  A bullfrog (D:6)
  A necrophage (D:5)
  3 scorpions
  An orc priest (D:5)
  2 hounds (D:7)
  A gnoll shaman (D:5)
  6 orc wizards
  Robin (D:4)
  16 gnolls
  15 adders
  4 river rats (Sewer)
  4 white imps
  2 ufetubi (D:5)
  3 dart slugs
  4 worms
  25 orcs
  15 ball pythons
  8 endoplasms
  10 giant cockroaches
  11 goblins
  11 hobgoblins
  9 jackals
  6 quokkas
  6 bats
  7 frilled lizards
  7 kobolds
  9 rats
205 creatures vanquished.

Vanquished Creatures (collateral kills)
  An ufetubus (D:5)
  An orc (D:5)
  A bat (D:5)
  21 foxfires
24 creatures vanquished.

Vanquished Creatures (others)
  1247 foxfires
  7 plants (Sewer)
1254 creatures vanquished.

Grand Total: 1483 creatures vanquished

Notes
Turn   | Place    | Note
-------+----------+-------------------------------------------
     0 | D:1      | Hubjo the Deep Elf Fire Elementalist began the quest for
                  | the Orb.
     0 | D:1      | Reached XP level 1. HP: 10/10 MP: 6/6
   221 | D:1      | Found a faded altar of an unknown god.
   400 | D:1      | Prayed at the altar of an unknown god.
   400 | D:1      | Became a worshipper of Zin the Law-Giver
   400 | D:1      | Reached * piety under Zin
   410 | D:1      | Reached XP level 2. HP: 16/16 MP: 5/8
   698 | D:1      | Reached skill level 1 in Fighting
  1130 | D:1      | Reached XP level 3. HP: 20/20 MP: 6/9
  2100 | D:2      | Reached ** piety under Zin
  2265 | D:2      | Reached XP level 4. HP: 26/26 MP: 3/11
  2876 | D:3      | Noticed Grinder
  2918 | D:3      | Paralysed by Grinder for 4 turns
  2919 | D:3      | Killed Grinder
  2920 | D:3      | Reached XP level 5. HP: 21/32 MP: 0/14
  2920 | D:3      | Reached XP level 6. HP: 24/37 MP: 0/15
  4207 | D:4      | Reached *** piety under Zin
  4283 | D:4      | Reached skill level 5 in Spellcasting
  4283 | D:4      | Reached skill level 5 in Fire Magic
  4372 | D:4      | Reached skill level 5 in Stealth
  4372 | D:4      | Reached XP level 7. HP: 19/41 MP: 16/16
  4569 | D:4      | Noticed Robin
  4575 | D:4      | Killed Robin
  4719 | D:4      | Found a shadowy altar of Dithmenos.
  5015 | D:4      | Found a staircase to the Ecumenical Temple.
  5047 | Temple   | Entered the Ecumenical Temple
  5401 | Temple   | Fell from the grace of Zin
  5401 | Temple   | Became a worshipper of Ashenzari the Shackled
  5507 | D:4      | Noticed Edmund
  5521 | D:4      | Killed Edmund
  5604 | D:4      | Learned a level 4 spell: Flame Wave
  5609 | D:4      | Learned a level 4 spell: Animate Armour
  5885 | D:5      | Entered Level 5 of the Dungeon
  5886 | D:5      | Identified a scroll of acquirement
  5886 | D:5      | Acquired 925 gold pieces
  5905 | D:5      | Found a glowing drain.
  5921 | Sewer    | Entered a sewer
  6462 | Sewer    | Reached skill level 1 in Summonings
  6846 | D:5      | Gained mutation: Your spells are a little harder to cast,
                  | but a little more powerful. [potion of mutation]
  6846 | D:5      | Gained mutation: You possess an exceptional clarity of
                  | mind. [potion of mutation]
  6846 | D:5      | Gained mutation: You sometimes lose the ability to read
                  | scrolls when taking damage. [potion of mutation]
  6847 | D:5      | Lost mutation: You possess an exceptional clarity of mind.
                  | [potion of mutation]
  6847 | D:5      | Lost mutation: You sometimes lose the ability to read
                  | scrolls when taking damage. [potion of mutation]
  6847 | D:5      | Gained mutation: Your muscles are strong. (Str +2) [potion
                  | of mutation]
  6847 | D:5      | Gained mutation: Your muscles are very strong. (Str +4)
                  | [potion of mutation]
  6940 | D:5      | Noticed a two-headed ogre
  6949 | D:5      | Killed a two-headed ogre
  6950 | D:5      | Reached XP level 8. HP: 48/48 MP: 18/20
  7776 | D:5      | Found Giushrawn's Antique Armour Boutique.
  7844 | D:5      | Reached * piety under Ashenzari
  8802 | D:6      | Reached skill level 5 in Summonings
  8823 | D:6      | Reached XP level 9. HP: 52/52 MP: 21/22
  9222 | D:6      | Reached ** piety under Ashenzari
  9849 | D:7      | Reached skill level 5 in Fighting
 10999 | D:7      | Reached *** piety under Ashenzari
 11030 | D:8      | Reached skill level 1 in Short Blades
 11205 | D:8      | Noticed Pikel
 11226 | D:8      | Slain by Pikel

Illustrated notes

Levels and vault maps discovered:
D:1:      sevenhm_arrival_forest_fort_large_4, layout_loops_cross,
          shapermc_ecumenical_altar_gd, minmay_tiny_reverse_x
D:2:      layout_rooms
D:3:      layout_loops_corners, dk_vineyard_2, uniq_grinder
D:4:      layout_layer_cave, nicolae_dithmenos_through_a_glass_darkly,
          minmay_temple_entry_statues_pillars, grunt_decor_junction,
          kennysheep_generic_room_9, uniq_edmund, uniq_robin
D:5:      layout_layer_cave, serial_shops, nicolae_inconvenience_store,
          cheibrodos_sewer_entry_sluice, chequers_serial_rivers_large_a,
          nicolae_concentric_dashed_squares_mild
D:6:      layout_rooms
D:7:      layout_basic
D:8:      layout_gridville, uniq_maurice, uniq_pikel, uniq_maggie
Temple:   mainiacjoe_temple_circle_huts

Skill      XL: |  1  2  3  4  5  6  7  8  9 |
---------------+----------------------------+-----
Fighting       | 1 3 4 5 |  5.2
Stealth        | 3 4 5 6 7 8 |  8.0
Spellcasting   | 4 5 6 7 8 |  8.3
Fire Magic     | 4 5 6 |  6.8
Summonings     | 3 5 6 |  6.7
Short Blades   | 1 |  1.1
Dodging        | |  2.4
Conjurations   | |  1.1

Action                   |  1- 3 |  4- 6 |  7- 9 || total
-------------------------+-------+-------+-------++-------
Melee: Unarmed           |    16 |     5 |       ||    21
       Short sword       |       |     1 |    37 ||    38
       Punch             |       |       |     1 ||     1
 Cast: Foxfire           |   147 |   133 |   496 ||   776
       Animate Armour    |       |       |     2 ||     2
       Flame Wave        |       |       |     1 ||     1
Invok: Curse Item        |       |       |     5 ||     5
Evoke: Wand              |       |       |     2 ||     2
  Use: Scroll            |       |     4 |     6 ||    10
       Potion            |       |       |     7 ||     7
 Stab: Sleeping          |     1 |       |       ||     1
Armor: Robe              |     5 |     7 |    30 ||    42
Dodge: Dodged            |    23 |    16 |   126 ||   165

Table legend: (Time is in decaauts)
 A = Elapsed time spent in this place.
 B = Non-inter-level travel time spent in this place.
 C = Inter-level travel time spent in this place.
 D = Time resting spent in this place.
 E = Time spent auto-exploring this place.
 F = Levels seen in this place.
 G = Mean time per level.
                   A        B        C        D        E       F      G
               +--------+--------+--------+--------+--------+-----+--------+
         Total |  11368 |  10964 |    404 |      5 |   9117 |  10 | 1136.8 |
       Dungeon |   9954 |   9550 |    404 |      5 |   7988 |   8 | 1244.2 |
        Temple |    367 |    367 |      0 |      0 |    284 |   1 |  367.0 |
         Sewer |   1046 |   1046 |      0 |      0 |    845 |   1 | 1046.0 |
               +--------+--------+--------+--------+--------+-----+--------+

Top non-repeatable levels by time:
     D:5: 2001 daAuts
     D:1: 1875 daAuts
     D:3: 1469 daAuts
     D:4: 1326 daAuts
     D:7: 1291 daAuts
   Sewer: 1046 daAuts
     D:6: 941 daAuts
     D:2: 844 daAuts
  Temple: 367 daAuts
     D:8: 203 daAuts
